Map: Polka LE

Players

Zultan - Winner!

  • Race: Protoss Protoss
  • League: Diamond
  • Spawn Location: 11:00

Platharum - Winner!

  • Race: Terran Terran
  • League: Diamond
  • Spawn Location: 11:00

qqq

  • Race: Zerg Zerg
  • League: Platinum
  • Spawn Location: 5:00

Massa

  • Race: Terran Terran
  • League: Platinum
  • Spawn Location: 5:00

VOD

Have the link to the VOD?

Description

Time

  • Played on: Jan. 4, 2021, 3:37 p.m.
  • Length: 9:30
Show
View Real Time Build Order
Export as new Build Order

Zultan Protoss - Winner!

Build Orders: 1 Gate Expand 

Get SALT Encoding   

  12  0:00  Probe  
  13  0:13  Probe  
  14  0:22  Pylon  
  14  0:25  Probe  
  15  0:40  Probe (Chrono Boost)  
  15  0:42  Gateway  
  16  0:52  Probe (Chrono Boost)  
  16  0:53  Assimilator  
  17  0:57  Probe (Chrono Boost)  
  18  1:07  Probe  
  19  1:19  Probe  
  20  1:29  Cybernetics Core  
  20  1:35  Nexus  
  20  1:38  Probe  
  21  1:47  Pylon  
  21  1:50  Probe  
  21  1:53  Assimilator  
  22  2:02  Probe  
  22  2:05  Adept  
  25  2:10  Warp Gate  
  25  2:14  Probe  
  26  2:26  Probe, Shield Battery  
  27  2:35  Adept  
  29  2:38  Probe (Chrono Boost)  
  29  2:42  Twilight Council  
  30  2:50  Probe (Chrono Boost)  
  31  2:54  Probe (Chrono Boost)  
  31  2:57  Probe (Chrono Boost)  
  33  2:58  Probe (Chrono Boost)  
  33  3:05  Probe  
  34  3:08  Probe (Chrono Boost)  
  34  3:09  Robotics Facility  
  36  3:16  Charge (Chrono Boost)  
  36  3:17  Probe (Chrono Boost)  
  38  3:25  Probe (Chrono Boost)  
  38  3:26  Probe (Chrono Boost)  
  39  3:28  Pylon  
  39  3:30  Zealot  
  39  3:31  Probe x2 (Chrono Boost)  
  43  3:41  Gateway  
  43  3:43  Gateway  
  43  3:50  Gateway  
  43  3:59  Warp Prism  
  45  4:08  Zealot  
  47  4:12  Probe, Pylon  
  47  4:13  Probe  
  47  4:14  Pylon  
  50  4:31  Probe  
  50  4:34  Zealot, Assimilator  
  50  4:36  Zealot  
  50  4:37  Zealot  
  56  4:43  Pylon  
  56  4:45  Shield Battery, Zealot  
  58  4:57  Zealot x3  
  64  5:05  Probe x2  
  66  5:12  Gateway  
  66  5:13  Gateway  
  66  5:18  Assimilator  
  66  5:19  Probe  
  66  5:20  Probe  
  68  5:25  Pylon  
  68  5:27  Pylon  
  68  5:29  Pylon  
  68  5:31  Probe  
  69  6:02  Observer (Chrono Boost)  
  70  6:05  Zealot x4  
  78  6:12  Zealot x2  
  78  6:14  Probe  
  83  6:28  Observer  
  83  6:29  Forge  
  83  6:31  Probe  
  83  6:32  Zealot x5, Robotics Bay  
  93  6:33  Zealot  
  93  6:34  Nexus  
  93  6:39  Pylon  
  79  7:09  Stalker x3  
  79  7:13  Stalker x3  
  82  7:55  Probe  
  82  7:56  Probe  
  84  8:02  Stalker x3  
  86  8:07  Probe  
  86  8:09  Stalker  
  86  8:10  Stalker x2  
  77  8:27  Zealot x3  
  79  8:48  Zealot x5  
  79  8:49  Probe, Zealot  
  79  8:50  Probe  
  79  8:52  Disruptor  
  96  9:01  Probe  
  97  9:06  Pylon  
Show
View Real Time Build Order
Export as new Build Order

Platharum Terran - Winner!

Build Orders:  

Get SALT Encoding   

  12  0:00  SCV  
  13  0:13  SCV  
  14  0:22  Supply Depot  
  14  0:25  SCV  
  15  0:43  SCV  
  15  0:45  Barracks  
  15  0:47  Refinery  
  16  0:56  SCV  
  17  1:16  SCV  
  18  1:28  SCV  
  18  1:32  Refinery  
  19  1:36  Marine  
  20  1:44  Orbital Command  
  20  1:52  Command Center  
  20  2:03  Factory  
  20  2:14  SCV  
  21  2:21  Bunker  
  21  2:27  SCV  
  22  2:41  Supply Depot  
  22  2:42  SCV  
  23  2:48  Factory Tech Lab  
  23  3:02  Marine  
  23  3:03  SCV  
  25  3:09  Orbital Command  
  24  3:15  Cyclone  
  24  3:18  SCV  
  28  3:20  Marine  
  28  3:23  Mag-Field Accelerator  
  29  3:33  Factory  
  29  3:34  SCV x2  
  30  3:38  Marine  
  32  3:51  SCV x2  
  32  3:53  Refinery, Cyclone  
  37  4:03  SCV x2  
  37  4:06  Engineering Bay  
  39  4:15  SCV  
  40  4:19  SCV, Factory Tech Lab  
  41  4:25  Cyclone  
  41  4:27  Supply Depot  
  41  4:28  SCV  
  45  4:34  Factory  
  45  4:37  Missile Turret  
  46  4:45  SCV  
  46  4:46  Supply Depot  
  46  4:48  SCV, Cyclone  
  50  4:56  Missile Turret  
  50  4:58  Cyclone  
  53  5:05  SCV  
  54  5:08  SCV, Supply Depot  
  55  5:17  SCV  
  55  5:18  Factory Tech Lab  
  55  5:21  SCV, Missile Turret  
  56  5:24  Cyclone  
  60  5:29  SCV  
  60  5:35  SCV, Cyclone  
  65  5:39  Cyclone  
  68  5:45  SCV  
  68  5:47  SCV  
  70  5:50  Supply Depot  
  70  6:12  Cyclone, Command Center, SCV x2  
  70  6:13  Refinery  
  70  6:16  Supply Depot  
  75  6:20  Cyclone  
  78  6:38  SCV x2, Cyclone  
  83  6:50  SCV  
  84  7:00  SCV  
  85  7:02  SCV  
  86  7:23  SCV x2, Cyclone x3  
  91  7:53  Orbital Command  
  91  7:55  Cyclone  
  94  7:59  Factory  
  94  8:01  Factory  
  94  8:02  Armory, Missile Turret  
  94  8:03  Missile Turret  
  94  8:05  Cyclone x2, Missile Turret  
  100  8:06  Command Center, Missile Turret x2  
  100  8:07  Armory  
  100  8:08  Starport  
  100  8:35  Cyclone  
  85  8:45  Cyclone, Factory Tech Lab x2  
  85  8:46  Cyclone, Orbital Command  
  85  8:47  Starport Tech Lab  
  91  8:51  Fusion Core  
  91  8:52  SCV  
  91  8:53  SCV  
  87  9:05  SCV x2  
  98  9:27  Refinery  
  98  9:28  Refinery  
Show
View Real Time Build Order
Export as new Build Order

qqq Zerg 

Build Orders: Hatch First, Lurkers 

Get SALT Encoding   

  12  0:01  Drone  
  13  0:08  Drone  
  14  0:18  Overlord  
  14  0:51  Hatchery  
  14  0:53  Drone  
  14  0:54  Drone  
  15  0:58  Drone  
  17  1:18  Drone  
  17  1:21  Spawning Pool  
  17  1:22  Drone, Extractor  
  16  1:31  Drone  
  17  1:39  Drone  
  18  1:49  Drone  
  19  2:02  Drone  
  19  2:08  Drone  
  21  2:10  Queen  
  21  2:13  Drone  
  21  2:15  Drone  
  25  2:23  Lair  
  25  2:26  Drone  
  25  2:29  Overlord  
  26  2:37  Extractor  
  26  2:38  Zergling x2  
  26  2:39  Drone  
  27  2:47  Queen  
  27  2:50  Overlord  
  29  2:51  Drone  
  29  2:54  Zergling x2  
  31  3:08  Drone  
  31  3:12  Drone x2  
  34  3:24  Hydralisk Den  
  34  3:25  Drone x3  
  34  3:27  Drone x2, Evolution Chamber  
  37  3:35  Drone  
  38  3:42  Drone  
  38  3:43  Drone  
  40  3:52  Drone  
  40  3:53  Drone  
  40  3:55  Evolution Chamber  
  41  4:03  Overseer  
  41  4:05  Drone  
  41  4:07  Extractor  
  41  4:09  Hatchery  
  40  4:10  Extractor  
  40  4:13  Hydralisk  
  40  4:14  Hydralisk  
  40  4:15  Lurker Den  
  40  4:16  Drone  
  43  4:18  Drone  
  43  4:23  Overlord  
  44  4:27  Zerg Missile Weapons Level 1  
  44  4:39  Metabolic Boost  
  44  4:41  Overlord  
  44  4:42  Hydralisk  
  44  4:45  Drone x2  
  48  4:47  Zergling x2  
  48  4:51  Drone  
  50  4:54  Hydralisk  
  52  5:00  Overlord  
  52  5:09  Infestation Pit  
  52  5:13  Muscular Augments  
  51  5:17  Lurker  
  51  5:18  Drone  
  51  5:19  Drone x2  
  51  5:20  Drone  
  56  5:26  Lurker  
  56  5:28  Drone x2  
  57  6:02  Hydralisk x5  
  57  6:04  Drone x6  
  68  6:09  Queen  
  73  6:19  Drone  
  73  6:20  Spine Crawler x2, Overlord  
  73  6:25  Zerg Ground Armor Level 1  
  72  6:30  Lurker x2  
  72  6:32  Overlord  
  74  6:41  Drone x2, Hive  
  74  6:42  Drone  
  52  7:11  Hydralisk x3  
  52  7:13  Zergling x2  
  52  7:14  Zergling x4  
  61  7:26  Spine Crawler  
  60  7:31  Hydralisk x2  
  59  7:41  Lurker x3  
  60  7:47  Hydralisk x2  
  60  7:48  Hydralisk x3  
  60  7:49  Zergling x4  
  62  7:51  Zergling x6  
  38  8:32  Zergling x12  
  38  8:33  Zergling x8  
  33  8:50  Hydralisk  
  33  8:51  Ultralisk Cavern  
  24  9:04  Hydralisk  
Show
View Real Time Build Order
Export as new Build Order

Massa Terran 

Build Orders: Reaper Expand 

Get SALT Encoding   

  12  0:00  SCV  
  13  0:12  SCV  
  14  0:20  Supply Depot  
  14  0:24  SCV  
  15  0:42  SCV  
  16  0:43  Barracks  
  16  0:54  SCV  
  17  0:57  Refinery  
  17  0:59  Refinery  
  17  1:06  SCV  
  18  1:18  SCV  
  19  1:30  Orbital Command  
  19  1:43  Command Center  
  19  1:55  Reaper  
  20  2:05  Supply Depot  
  20  2:15  SCV  
  21  2:16  Factory  
  21  2:27  SCV, Marine  
  23  2:36  Refinery  
  23  2:39  SCV  
  23  2:44  Supply Depot  
  24  2:46  Barracks Tech Lab  
  24  2:51  SCV  
  24  2:57  Orbital Command  
  25  3:13  Starport  
  25  3:21  Starport  
  25  3:26  SCV  
  26  3:28  SCV  
  27  3:35  Marine  
  27  3:38  SCV  
  27  3:40  SCV  
  30  3:43  Supply Depot  
  30  3:47  Factory Tech Lab  
  30  3:49  Starport Reactor  
  30  3:53  SCV x2  
  30  3:55  Engineering Bay  
  32  3:57  Marine  
  33  4:05  SCV  
  34  4:15  Raven  
  36  4:20  Corvid Reactor  
  36  4:28  SCV x2, Factory Tech Lab  
  36  4:29  Refinery  
  38  4:31  Liberator  
  41  4:40  SCV x2  
  41  4:45  Missile Turret  
  43  4:52  SCV x2  
  45  4:53  Missile Turret  
  45  4:54  Liberator  
  45  4:58  Viking  
  50  5:07  SCV  
  50  5:08  SCV  
  52  5:14  Marine, Liberator  
  52  5:20  SCV x2  
  58  5:28  Viking  
  60  5:32  Marine  
  61  5:38  Supply Depot  
  61  5:40  Supply Depot  
  61  5:41  Supply Depot  
  61  5:45  Command Center  
  61  5:59  Liberator  
  61  6:00  Widow Mine  
  65  6:11  Liberator  
  65  6:12  Liberator  
  73  6:25  SCV x2  
  73  6:36  Siege Tank  
  73  6:37  SCV x2  
  78  6:42  Liberator  
  81  6:49  SCV  
  81  6:50  SCV  
  83  6:54  Medivac  
  36  7:57  Liberator x2  
  36  7:58  Raven  
  41  8:08  Barracks x2  
  41  8:11  Barracks  
  36  8:22  Supply Depot  
  36  8:23  Supply Depot  
  36  8:24  Supply Depot  
  36  8:33  Supply Depot  
  36  8:39  Barracks  
  36  8:40  Barracks x2, Liberator  
  39  8:41  Barracks  
  39  8:43  Barracks  
  39  9:04  Marine x3  
  39  9:08  Bunker  
  39  9:09  Bunker  
Tags
 
Add a new tag
Caveats
  • Supply blocks, unpowered buildings, or Contaminate may cause inaccurate times.
  • Supply counts are checked every 10 seconds.